 Dungeon Crawl Stone Soup version 0.30-a0-377-g5cb311bc9f (console) character file.

Game seed: 4535689357691463839

67 Ignak the Sneak (level 4, -3/28 HPs)
             Began as an Octopode Enchanter on Nov 29, 2022.
             Slain by Natasha (6 damage)
             ... on level 3 of the Dungeon.
             The game lasted 00:03:48 (1268 turns).

Ignak the Sneak (Octopode Enchanter)                Turns: 1268, Time: 00:03:49

Health: -3/28      AC:  1    Str:  7    XL:     4   Next: 18%
Magic:  7/7        EV: 13    Int: 17    God:
Gold:   84         SH:  0    Dex: 14    Spells: 2/7 levels left

rFire   . . .      SeeInvis .    a - +4 dagger
rCold   . . .      Faith    .    (no shield)
rNeg    + . .      Spirit   .    (helmet restricted)
rPois   .          Reflect  .    (no amulet)
rElec   .          Harm     .    g - ring of positive energy
rCorr   .          Rampage  .    (no ring)
Will    .....                    (no ring)
Stlth   ++++......               (no ring)
HPRegen 0.24/turn                (no ring)
MPRegen 0.10/turn                (no ring)
                                 (no ring)
                                 (no ring)

@: invisible
A: almost no armour, amphibious, 8 rings, camouflage 1, gelatinous body 1,
(nimble swimmer 1), tentacles
a: no special abilities


You were on level 3 of the Dungeon.
You visited 1 branch of the dungeon, and saw 3 of its levels.

You collected 84 gold pieces.

Inventory:

Hand Weapons
 a - a +4 dagger (weapon)
 b - a +0 whip of venom
Jewellery
 g - a ring of positive energy (left tentacle)
Scrolls
 i - a scroll of vulnerability {unknown}
Potions
 d - a potion of mutation {unknown}
 f - 2 potions of attraction {unknown}
 h - a potion of invisibility
 k - 4 potions of berserk rage {unknown}


   Skills:
 + Level 1.2 Fighting
 + Level 1.5 Short Blades
 + Level 2.5 Dodging
 + Level 4.5 Stealth
 + Level 1.1 Unarmed Combat
 + Level 2.3 Spellcasting
 + Level 3.2 Hexes


You had 2 spell levels left.
You knew the following spells:

 Your Spells              Type           Power      Damage    Failure   Level
a - Confusing Touch       Hex            13%        N/A       14%         3
c - Ensorcelled Hibernat  Hex/Ice        14%        N/A       14%         2

Your spell library contained the following spells:

 Spells                   Type           Power      Damage    Failure   Level
 Tukima's Dance           Hex            13%        N/A       14%         3
 Dazzling Flash           Conj/Hex       14%        N/A       28%         3


Dungeon Overview and Level Annotations

Branches:
Dungeon (3/15)

Altars:

Portals:
Sewer: D:3

Annotations:
D:3 Natasha


Innate Abilities, Weirdness & Mutations

You cannot wear most types of armour.
You are amphibious.
You can wear up to eight rings at the same time.
Your skin changes colour to match your surroundings (Stealth+).
Your rubbery body absorbs attacks. (AC +1, EV +1)
((You are camouflaged when in or above water. (Stealth+)))
You have tentacles for arms and can constrict up to eight enemies at once.


Message History

There is a stone staircase leading up here.
The gnoll hits you from afar with a +0 spear.
Found a brown potion.
The gnoll closely misses you.
Found a glowing drain.
As you open the door, it creaks loudly!
The adder hisses angrily.
The giant cockroach barely misses you.
You hit the giant cockroach.
You kill the giant cockroach!
The giant cockroach barely misses you.
You barely miss the giant cockroach. You grab the giant cockroach.
You squeeze the giant cockroach.
The giant cockroach is moderately wounded.
You constrict the giant cockroach, but do no damage.
The giant cockroach barely misses you.
Natasha mumbles some strange words.
You hit the gnoll. Your grab misses the gnoll.
You squeeze the gnoll, but do no damage.
The gnoll is lightly wounded.
You constrict the giant cockroach. The gnoll hits you but does no damage.
The giant cockroach closely misses you.
You barely miss the giant cockroach.
The giant cockroach is heavily wounded.
You constrict the giant cockroach. The giant cockroach closely misses you.
The gnoll barely misses you.
The gnoll hits you from afar with a +0 spear.
You hit the giant cockroach.
You kill the giant cockroach!
The crimson imp closely misses you.
The gnoll hits you from afar with a +0 spear!
The gnoll hits you with a +0 flail!
* * * LOW HITPOINT WARNING * * *
The giant cockroach bites you.
* * * LOW HITPOINT WARNING * * *
Okay, then.
You fade into invisibility!
The crimson imp barely misses you. Natasha misses you.
A gnoll comes into view. It is wielding a +0 spear.
The gnoll misses you. The gnoll barely misses you.
Natasha attacks as you move away! Natasha claws you.
You die...

#......#......##
#.##....<..##.#*
#.###.........#* ##.#
##.wgS..(.#*
####..####..........
**#####......##gh.........
*,...........#..#.........
*,#######g...#g##.........
*,#~~~~B#@5g!w.##.....####
*,#~~∩~S†Bhg.##......##
*,#~~~~~#.......#....#
**,#######....#########
*,,...........#
**,...........#
**#####......# ########


You could see Natasha, 4 gnolls, a crimson imp (summoned, unable to see you), an
adder (unable to see you), a dart slug (unable to see you) and 2 giant
cockroaches.

Vanquished Creatures
  3 adders (D:2)
  A dart slug (D:1)
  3 ball pythons (D:1)
  5 bats
  2 giant cockroaches (D:3)
  5 goblins (D:1)
  3 hobgoblins
  3 jackals (D:1)
  3 kobolds (D:1)
  4 quokkas
  A frilled lizard (D:1)
  2 rats (D:1)
35 creatures vanquished.

Notes
Turn   | Place    | Note
-------+----------+-------------------------------------------
     0 | D:1      | Ignak the Octopode Enchanter began the quest for the Orb.
     0 | D:1      | Reached XP level 1. HP: 11/11 MP: 3/3
   126 | D:1      | Reached XP level 2. HP: 18/18 MP: 5/5
   132 | D:1      | Learned a level 2 spell: Ensorcelled Hibernation
   466 | D:1      | Reached XP level 3. HP: 22/22 MP: 6/6
   807 | D:1      | Learned a level 3 spell: Confusing Touch
   971 | D:2      | Reached skill level 1 in Fighting
   971 | D:2      | Reached skill level 1 in Unarmed Combat
  1123 | D:2      | You fall into a shaft and drop 1 floor!
  1135 | D:3      | Noticed Natasha
  1149 | D:2      | Reached XP level 4. HP: 9/28 MP: 2/7
  1257 | D:3      | Found a glowing drain.
  1268 | D:3      | Slain by Natasha

Illustrated notes

Levels and vault maps discovered:
D:1:      spicycebolla_green_bress_n_ham_2, layout_basic
D:2:      layout_loops_ring
D:3:      layout_rooms, nicolae_overflow_crystal_walls, gup_sewer_entry_glass,
          grunt_ministairs_13, uniq_natasha

Skill      XL: |  1  2  3 |
---------------+----------+-----
Fighting       | 1 |  1.2
Unarmed Combat | 1 |  1.1
Short Blades   | |  1.5
Dodging        | |  2.5
Stealth        | |  4.5
Spellcasting   | |  2.3
Hexes          | |  3.2

Action                   |  1- 3 |  4- 6 || total
-------------------------+-------+-------++-------
Melee: Dagger            |    52 |     9 ||    61
       Tentacles         |     7 |     3 ||    10
       Constrict         |     8 |     1 ||     9
 Cast: Ensorcelled Hiber |     6 |     1 ||     7
  Use: Scroll            |     4 |       ||     4
       Potion            |       |     1 ||     1
 Stab: Sleeping          |    14 |     1 ||    15
Armor: Skin              |     2 |     1 ||     3
Dodge: Dodged            |    51 |    13 ||    64

Table legend: (Time is in decaauts)
 A = Elapsed time spent in this place.
 B = Non-inter-level travel time spent in this place.
 C = Inter-level travel time spent in this place.
 D = Time resting spent in this place.
 E = Time spent auto-exploring this place.
 F = Levels seen in this place.
 G = Mean time per level.
                   A        B        C        D        E       F      G
               +--------+--------+--------+--------+--------+-----+--------+
         Total |   1262 |   1258 |      4 |     94 |    732 |   3 |  420.7 |
       Dungeon |   1262 |   1258 |      4 |     94 |    732 |   3 |  420.7 |
               +--------+--------+--------+--------+--------+-----+--------+

Top non-repeatable levels by time:
     D:1: 919 daAuts
     D:2: 304 daAuts
     D:3: 39 daAuts
